 Dungeon Crawl Stone Soup version 0.19.0-24-gb05acd6 (console) character file.

89 Eviona the Chiller (level 4, -2/33 HPs)
             Began as a Draconian Ice Elementalist on Nov 20, 2016.
             Killed from afar by Natasha (3 damage)
             ... with a magic dart
             ... on level 2 of the Dungeon.
             The game lasted 00:06:03 (2170 turns).

Eviona the Chiller (Draconian Ice Elementalist)     Turns: 2170, Time: 00:06:04

Health: -2/33      AC:  6    Str: 10    XL:     4   Next: 31%
Magic:  0/7        EV: 12    Int: 15    God:
Gold:   92         SH:  0    Dex: 13    Spells: 2 memorised, 4 levels left

rFire  . . .     SeeInvis .     e - +0 club
rCold  . . .     Gourm    .     (armour unavailable)
rNeg   . . .     Faith    .     (no shield)
rPois  .         Spirit   .     (helmet restricted)
rElec  .         Reflect  .     (no cloak)
rCorr  .         Harm     .     f - +0 pair of gloves (curse)
MR     .....                    (no boots)
Stlth  ++........               (no amulet)
                                (no ring)
                                (no ring)

@: flying, very slightly contaminated
A: unfitting armour, cold-blooded, AC +5
a: no special abilities


You were on level 2 of the Dungeon.
You were not hungry.

You visited 1 branch of the dungeon, and saw 3 of its levels.

You collected 92 gold pieces.

Inventory:

Hand Weapons
 e - a +0 club (weapon)
Armour
 f - a cursed +0 pair of gloves (worn)
Wands
 n - a wand of flame (32/48)
Scrolls
 g - a scroll of teleportation {unknown}
 l - a scroll of identify {unknown}
 m - a scroll of remove curse {unknown}
 p - a scroll of enchant armour {unknown}
Potions
 d - a potion of lignification {unknown}
 h - a potion of flight
 i - a potion of ambrosia {unknown}
 k - a potion of curing {unknown}
 o - a potion of brilliance {unknown}
Books
 a - a book of Frost

   Spells                             Type                      Level
   a - Freeze                         Ice                          1
   b - Throw Frost                    Conjuration/Ice              2
   c - Ozocubu's Armour               Charms/Ice                   3
   d - Throw Icicle                   Conjuration/Ice              4
   e - Summon Ice Beast               Ice/Summoning                4
Comestibles
 b - 2 bread rations
 c - a beef jerky
 j - 4 fruits
 q - 2 chunks of flesh


   Skills:
 - Level 1.7 Dodging
 - Level 1.8 Stealth
 - Level 2.0 Spellcasting
 + Level 3.2 Conjurations
 - Level 4.0 Ice Magic


You had 4 spell levels left.
You knew the following spells:

 Your Spells              Type           Power        Failure   Level  Hunger
a - Freeze                Ice            ##..         4%          1    #......
b - Throw Frost           Conj/Ice       ##....       10%         2    ###....


Dungeon Overview and Level Annotations

Branches:
Dungeon (3/15)

Altars:

Annotations:
D:2 Natasha
D:3 stillpimpin's ghost, amateur MfGl


Innate Abilities, Weirdness & Mutations

Your plain brown scales are hard. (AC +5)
You cannot fit into any form of body armour.
You are cold-blooded and may be slowed by cold attacks.


Message History

Natasha is moderately wounded.
Natasha closely misses you.
You barely miss Natasha.
Natasha is moderately wounded.
Natasha casts a spell at you. You resist with some effort.
You closely miss Natasha.
Natasha is moderately wounded.
Natasha howls an incantation.
You feel troubled. Natasha claws you.
* * * LOW HITPOINT WARNING * * *
Natasha claws you!
* * * LOW HITPOINT WARNING * * *
It was a potion of flight.
You feel very buoyant.
You fly up into the air.
Natasha casts a spell at you. The magic dart hits you!
You die...

..................#............#
.....##.#########.............##
.##.###.....##..........##....#
..#.##.....................##.##
#...#..................###.##..##
##...................#...#..##.##
#...................###....##.##
###.................# ####......
##.........(......# #.....#
#####...........h....# #.##...
....##.....)....@...## ##......
....###......#.....## #..###.#
....# ###.##.####.## ###.## #..
....# #.##.####.## #...# ##.
.>.(# #.##.......## ##.### #.
....#####.#######...###..#######.
.......##..# #...#...###......
######.###.## ##....###...####.
#.###..# #.....#..### #.
#...##.## #.##.)..## #.
#####.##..# ##.##.....# #.


You could see Natasha.

Vanquished Creatures
  Natasha (D:3)
  2 adders (D:2)
  An ooze (D:1)
  2 worms (D:2)
  2 giant cockroaches
  3 goblins
  4 hobgoblins
  2 quokkas (D:2)
  4 bats
  2 frilled lizards (D:2)
  6 kobolds (D:1)
  2 leopard gecko zombies (D:3)
  8 rats
39 creatures vanquished.

Notes
Turn   | Place    | Note
-------+----------+-------------------------------------------
     0 | D:1      | Eviona the Draconian Ice Elementalist began the quest for the Orb.
     0 | D:1      | Reached XP level 1. HP: 14/14 MP: 3/3
   403 | D:1      | Reached XP level 2. HP: 18/20 MP: 0/5
   414 | D:1      | Learned a level 2 spell: Throw Frost
   823 | D:1      | Reached skill level 4 in Ice Magic
  1054 | D:2      | Reached XP level 3. HP: 26/26 MP: 0/6
  1916 | D:3      | Noticed Natasha
  2039 | D:3      | Noticed stillpimpin's ghost (amateur MfGl)
  2154 | D:3      | Killed Natasha
  2154 | D:3      | Reached XP level 4. HP: 23/33 MP: 0/7
  2158 | D:3      | Noticed Natasha
  2169 | D:2      | HP: 1/33 [Natasha (7)]
  2170 | D:2      | Killed from afar by Natasha

Skill      XL: |  1  2  3 |
---------------+----------+-----
Ice Magic      | 4 |  4.0
Conjurations   | 3 |  3.2
Dodging        | |  1.7
Stealth        | |  1.8
Spellcasting   | |  2.0

Action                   |  1- 3 |  4- 6 || total
-------------------------+-------+-------++-------
Melee: Unarmed           |     2 |       ||     2
       Club              |    25 |     5 ||    30
       Tailslap          |     5 |       ||     5
 Cast: Freeze            |    43 |     1 ||    44
       Throw Frost       |    25 |       ||    25
  Use: Potion            |       |     1 ||     1
 Stab: Sleeping          |     1 |       ||     1
  Eat: Chunk             |     6 |       ||     6
Armor: Skin              |    20 |     2 ||    22
Dodge: Dodged            |    32 |     3 ||    35
